Map: Orbital Shipyard

Players

State - Winner!

  • Race: Protoss Protoss

Steisjo

  • Race: Protoss Protoss
  • League: Silver

Event: DreamHack ZOWIE Open Leipzig

VOD

Have the link to the VOD?

Description

Time

  • Played on: Jan. 22, 2016, 8:08 a.m.
  • Length: 3:52

All games in this series

Show
View Real Time Build Order
Export as new Build Order

State Protoss - Winner!

Build Orders: 1 Gate Expand 

Get SALT Encoding   

  12  0:01  Probe (Chrono Boost)  
  13  0:11  Probe (Chrono Boost)  
  14  0:18  Pylon  
  14  0:22  Probe (Chrono Boost)  
  15  0:36  Probe (Chrono Boost), Gateway  
  15  0:41  Assimilator  
  16  0:46  Probe (Chrono Boost)  
  17  0:57  Probe (Chrono Boost)  
  18  1:08  Probe (Chrono Boost)  
  19  1:18  Nexus  
  19  1:21  Probe (Chrono Boost)  
  20  1:32  Cybernetics Core  
  20  1:33  Probe (Chrono Boost)  
  20  1:39  Assimilator  
  21  1:44  Probe (Chrono Boost)  
  22  1:48  Pylon  
  22  1:55  Probe (Chrono Boost)  
  23  2:07  Probe (Chrono Boost)  
  24  2:09  Adept (Chrono Boost)  
  26  2:18  Mothership Core  
  28  2:29  Probe  
  28  2:34  Adept (Chrono Boost)  
  31  2:39  Probe  
  31  2:41  Probe  
  31  2:42  Robotics Facility  
  33  2:52  Probe x2  
  33  2:57  Adept (Chrono Boost)  
  37  3:02  Probe, Pylon  
  37  3:04  Probe  
  39  3:13  Probe  
  39  3:16  Probe  
  41  3:20  Pylon x2  
  41  3:22  Pylon  
  41  3:23  Probe  
  41  3:28  Probe  
  44  3:34  Probe  
Show
View Real Time Build Order
Export as new Build Order

Steisjo Protoss 

Build Orders: 1 Gate Expand, Oracle Opening 

Get SALT Encoding   

  12  0:01  Probe (Chrono Boost)  
  13  0:11  Probe (Chrono Boost)  
  14  0:17  Pylon  
  14  0:22  Probe (Chrono Boost)  
  15  0:36  Probe (Chrono Boost), Gateway  
  16  0:46  Probe (Chrono Boost)  
  16  0:48  Assimilator  
  18  0:57  Probe (Chrono Boost)  
  18  1:07  Probe (Chrono Boost)  
  19  1:22  Nexus  
  19  1:32  Cybernetics Core  
  19  1:35  Probe (Chrono Boost)  
  20  1:40  Assimilator  
  20  1:46  Probe (Chrono Boost)  
  21  1:52  Pylon  
  21  1:56  Probe (Chrono Boost)  
  22  2:07  Probe (Chrono Boost)  
  23  2:10  Adept (Chrono Boost)  
  25  2:20  Probe  
  26  2:29  Stargate  
  26  2:32  Probe x2  
  26  2:34  Adept (Chrono Boost)  
  30  2:43  Probe  
  30  2:44  Probe  
  32  2:53  Probe  
  32  2:56  Probe  
  32  2:58  Adept (Chrono Boost)  
  36  3:04  Probe  
  37  3:08  Probe, Pylon  
  38  3:13  Oracle (Chrono Boost)  
  38  3:16  Probe (Chrono Boost)  
  42  3:22  Mothership Core (Chrono Boost)  
  42  3:26  Pylon  
  44  3:31  Probe  
  44  3:33  Pylon  

Tags
 
Add a new tag
Caveats
  • Supply blocks, unpowered buildings, or Contaminate may cause inaccurate times.
  • Supply counts are checked every 10 seconds.